 Dungeon Crawl Stone Soup version 0.20.1-1-g8b1a95d (webtiles) character file.

27 Targos the Insei (level 3, -1/26 HPs)
             Began as a Human Transmuter on Sept 9, 2017.
             Slain by a hobgoblin
             ... wielding a +0 club
             ... led by Robin
              (2 damage)
             ... on level 2 of the Dungeon.
             The game lasted 00:07:18 (970 turns).

Targos the Insei (Human Transmuter)                  Turns: 970, Time: 00:07:19

Health: -1/26      AC: 11    Str: 10    XL:     3   Next: 25%
Magic:  2/6        EV: 11    Int: 13    God:
Gold:   25         SH:  0    Dex: 14    Spells: 0/6 levels left

rFire    x . .     SeeInvis .     - Unarmed
rCold    + . .     Gourm    .   (no shield)
rNeg     . . .     Faith    .   h - +0 ring mail
rPois    .         Spirit   .   (no helmet)
rElec    .         Reflect  .   (no cloak)
rCorr    .         Harm     .   (no gloves)
MR       .....                  (no boots)
Stlth    +.........             (no amulet)
Regen    0.1/turn               o - ring of ice
MPRegen  0.1/turn               i - +6 ring of protection

@: about to teleport, appendage (expiring)
A: horns 2
a: End Transformation


You were on level 2 of the Dungeon.
You were hungry.
You had grown temporary horns.
You visited 1 branch of the dungeon, and saw 2 of its levels.

You collected 25 gold pieces.

Inventory:

Missiles
 a - 8 arrows
 j - 6 tomahawks (quivered)
Armour
 b - a +0 robe
 h - a +0 ring mail (worn)
Jewellery
 e - an uncursed ring of flight
 i - a +6 ring of protection (right hand)
 o - a ring of ice (left hand)
Scrolls
 k - a scroll of teleportation
 l - a scroll of magic mapping {unknown}
 m - a scroll of identify {unknown}
 n - a scroll of remove curse {unknown}
Books
 c - a book of Changes

   Spells                             Type                      Level
   a - Beastly Appendage              Transmutation                1
   b - Sticks to Snakes               Transmutation                2
   c - Spider Form                    Transmutation/Poison         3
   d - Ice Form                       Ice/Transmutation            4
   e - Blade Hands                    Transmutation                5
Comestibles
 d - a bread ration


   Skills:
 + Level 1.1 Fighting
 + Level 2.2 Dodging
 + Level 0.2 Stealth
 + Level 3.3 Unarmed Combat
 + Level 2.3 Spellcasting
 + Level 2.4 Transmutations


You couldn't memorise any spells.
You knew the following spells:

 Your Spells              Type           Power        Failure   Level  Hunger
a - Beastly Appendage     Tmut           #.....       24%         1    #......
b - Sticks to Snakes      Tmut           #.......     34%         2    ###....
c - Spider Form           Tmut/Pois      #.........   75%         3    ###....


Dungeon Overview and Level Annotations

Branches:
Dungeon (2/15)

Altars:

Annotations:
D:2 Robin


Innate Abilities, Weirdness & Mutations

You have a pair of horns on your head.


Message History

The goblin hits you.
* * * LOW HITPOINT WARNING * * *
You closely miss the hobgoblin. You headbutt the hobgoblin.
You kill the hobgoblin!
Robin closely misses you. The goblin completely misses you.
The goblin hits you but does no damage. The goblin hits you.
* * * LOW HITPOINT WARNING * * *
The hobgoblin hits you but does no damage.
The hobgoblin closely misses you. The hobgoblin barely misses you.
The hobgoblin no longer looks unusually strong.
The goblin misses you.
The hobgoblin hits you but does no damage. x3
You see here a club.
You hit the goblin but do no damage.
Robin roars a battlecry!
The hobgoblin goes into a battle-frenzy!
The goblin misses you.
The hobgoblin hits you but does no damage.
The hobgoblin hits you with a club.
You die...

#########
....$...# #
$.......# $#
........###.#
..%.......#
..b.....#
#ggg...#
#@gg...#
#gg)...#
#gg!..)#
#......#
##.###.# #.#
.# #.# # ...


You could see Robin, 5 hobgoblins, 3 goblins and a bat.

Vanquished Creatures
  A dart slug (D:1)
  A ball python (D:1)
  A bat (D:1)
  2 giant cockroaches (D:1)
  5 goblins
  3 hobgoblins
  2 frilled lizards (D:1)
  2 kobolds (D:1)
  3 rats (D:1)
20 creatures vanquished.

Vanquished Creatures (collateral kills)
  A goblin (D:1)
  A hobgoblin (D:1)
2 creatures vanquished.

Grand Total: 22 creatures vanquished

Notes
Turn   | Place    | Note
-------+----------+-------------------------------------------
     0 | D:1      | Targos the Human Transmuter began the quest for the Orb.
     0 | D:1      | Reached XP level 1. HP: 15/15 MP: 3/3
     0 | D:1      | THROWING
     0 | D:1      | Ice Magic
    85 | D:1      | Reached XP level 2. HP: 15/21 MP: 3/5
    89 | D:1      | Learned a level 2 spell: Sticks to Snakes
   830 | D:1      | Reached XP level 3. HP: 26/26 MP: 4/6
   835 | D:1      | Learned a level 3 spell: Spider Form
   953 | D:2      | Noticed Robin
   968 | D:2      | HP: 1/26 [goblin[Robin] (3)]
   970 | D:2      | Slain by a hobgoblin

Action                   || total
-------------------------++-------
Melee: Unarmed           ||    67
       Kick              ||     4
       Punch             ||     1
       Headbutt          ||     6
 Cast: Beastly Appendage ||    17
       Sticks to Snakes  ||     4
  Use: Scroll            ||     2
       Potion            ||     1
 Stab: Distracted        ||     1
Armor: Robe              ||     3
       Ring mail         ||    44
Dodge: Dodged            ||    83
